 Dungeon Crawl Stone Soup version 0.20.1-1-g8b1a95d (webtiles) character file.

615 gungr the Insei (level 7, -2/38 HPs)
             Began as an Octopode Transmuter on Oct 30, 2017.
             Was an Initiate of Hepliaklqana.
             Shot with an arrow by a centaur (10 damage)
             ... on level 6 of the Dungeon.
             The game lasted 00:13:20 (4623 turns).

gungr the Insei (Octopode Transmuter)               Turns: 4623, Time: 00:13:21

Health: -2/38      AC:  3    Str:  9    XL:     7   Next: 45%
Magic:  10/10      EV: 13    Int: 18    God:    Hepliaklqana [......]
Gold:   338        SH:  0    Dex: 12    Spells: 4/10 levels left

rFire    . . .     SeeInvis .     - Unarmed
rCold    . . .     Gourm    .   (no shield)
rNeg     . . .     Faith    .   (helmet restricted)
rPois    .         Spirit   .   m - amulet of magic regeneration
rElec    .         Reflect  .   w - ring of loudness (curse)
rCorr    .         Harm     .   (no ring)
MR       .....                  (no ring)
Stlth    +.........             (no ring)
Regen    0.2/turn               (no ring)
MPRegen  0.2/turn               (no ring)
                                (no ring)
                                (no ring)

@: no status effects
A: almost no armour, stealthy swim, amphibious, 8 rings, constrict 8, reduced
essence, yellow scales 1, camouflage 1, mutation resistance 1, gelatinous body 1
a: Recall Ancestor, Ancestor Identity, Renounce Religion


You were on level 6 of the Dungeon.
You worshipped Hepliaklqana.
Hepliaklqana was noncommittal.
You were not hungry.

You visited 2 branches of the dungeon, and saw 7 of its levels.

You collected 338 gold pieces.

Inventory:

Missiles
 a - 16 arrows
Jewellery
 m - an amulet of magic regeneration (around mantle)
 s - a +2 amulet of reflection {unknown}
 w - a cursed ring of loudness (left tentacle)
Scrolls
 c - a scroll of amnesia {unknown}
 e - 5 scrolls of remove curse {unknown}
 g - 4 scrolls of identify {unknown}
 k - a scroll of fog {unknown}
 n - a scroll of recharging {unknown}
 p - a scroll of enchant armour {unknown}
 t - 2 scrolls of teleportation {unknown}
 v - 3 scrolls of noise {unknown}
 x - a scroll of enchant weapon {unknown}
Potions
 d - a potion of berserk rage {unknown}
 f - a potion of magic {unknown}
 i - a potion of degeneration {unknown}
 j - a potion of cancellation
 l - a potion of mutation
 u - a potion of ambrosia
 z - a potion of curing {unknown}
Books
 b - a book of Changes

   Spells                             Type                      Level
   a - Beastly Appendage              Transmutation                1
   b - Sticks to Snakes               Transmutation                2
   c - Spider Form                    Transmutation/Poison         3
   d - Ice Form                       Ice/Transmutation            4
   e - Blade Hands                    Transmutation                5
 r - a book of Conjurations

   Spells                             Type                      Level
   a - Magic Dart                     Conjuration                  1
   b - Searing Ray                    Conjuration                  2
   c - Dazzling Spray                 Conjuration/Hexes            3
   d - Fulminant Prism                Conjuration/Hexes            4
   e - Force Lance                    Conjuration/Translocation    4
   f - Iskenderun's Mystic Blast      Conjuration                  4
Comestibles
 h - a meat ration
 o - 7 fruits
 q - a royal jelly
 A - a bread ration


   Skills:
 - Level 1.0 Fighting
 - Level 2.0 Dodging
 - Level 6.1 Unarmed Combat
 - Level 2.0 Spellcasting
 + Level 6.0 Transmutations


You had 4 spell levels left.
You knew the following spells:

 Your Spells              Type           Power        Failure   Level  Hunger
a - Beastly Appendage     Tmut           ###...       1%          1    #......
b - Sticks to Snakes      Tmut           ###.....     2%          2    ###....
c - Spider Form           Tmut/Pois      ##........   16%         3    ###....


Dungeon Overview and Level Annotations

Branches:
Dungeon (6/15)             Temple (1/1) D:4

Altars:
Ashenzari
Cheibriados
Dithmenos
Elyvilon
Fedhas
Gozag
Hepliaklqana
Kikubaaqudgha
Makhleb
Nemelex Xobeh
Okawaru
Qazlal
Ru
Sif Muna
Trog
Uskayaw
Vehumet
Xom
Yredelemnul
Zin
The Shining One

Shops:
D:4 (

Annotations:
D:1 Sigmund


Innate Abilities, Weirdness & Mutations

You cannot wear most types of armour.
You are very stealthy in the water. (Stealth+)
You are amphibious.
You can wear up to eight rings at the same time.
You can use your tentacles to constrict eight enemies at once.
Your skin changes colour to match your surroundings (Stealth+).
Your rubbery body absorbs attacks. (AC +1, EV +1)
Your life essence is reduced to manifest your ancestor. (-10% HP)
You are partially covered in yellow scales. (AC +2)
You are somewhat resistant to further mutation.


Message History

* * * LOW HITPOINT WARNING * * *
You barely miss the sky beast.
The sky beast is almost dead.
You kill the sky beast!
Your Transmutations skill increases to level 6!
You start resting.
Your transformation is almost over.
You start resting.
Your transformation has ended.
You start resting.
Teicuih emerges from the mists of memory!
You start resting.
Magic restored.
You start resting.
A centaur comes into view.
There is an open door here.
The centaur wields a shortbow.
The centaur shoots an arrow.
The arrow hits Teicuih.
The centaur shoots an arrow.
The arrow barely misses Teicuih.
The arrow hits you!
You die...

............## #.#
#..#
.##########..# #.#
#..# .# ##.## #.#
#..# .# #..# #.#
#^.# .# ##.###.#
#..# .# #..##.#
#..# .#
####.##.###..# .#
#............# .#
#.....@####..# .#
#......# #..# .#
#####R## #..# .#
########..####..#
.#
...c...c.........
.#
.......##.####.###
.# ....... #..# .#
.# ....... ##.# .#
....... ..


You could see the friendly Teicuih the ancestor and a centaur.

Vanquished Creatures
  A sky beast (D:6)
  The ghost of flt the Sneak, an amateur SpAs (D:5)
  A crimson imp (D:5)
  An orc priest (D:5)
  3 iguanas
  2 worker ants
  A worker ant zombie (D:5)
  7 adders
  A worm (D:4)
  2 dart slugs
  3 leopard geckos
  11 orcs
  6 bats
  3 giant cockroaches
  6 goblins
  9 hobgoblins
  4 jackals (D:3)
  A quokka (D:4)
  9 frilled lizards
  A jackal skeleton (D:4)
  A kobold (D:3)
  A leopard gecko skeleton (D:5)
  6 rats
81 creatures vanquished.

Vanquished Creatures (collateral kills)
  A water moccasin (D:6)
  An adder (D:6)
  2 leopard geckos
  An orc (D:3)
5 creatures vanquished.

Vanquished Creatures (others)
  An ancestor (D:6)
1 creature vanquished.

Grand Total: 87 creatures vanquished

Notes
Turn   | Place    | Note
-------+----------+-------------------------------------------
     0 | D:1      | gungr the Octopode Transmuter began the quest for the Orb.
     0 | D:1      | Reached XP level 1. HP: 13/13 MP: 3/3
   143 | D:1      | Reached XP level 2. HP: 16/18 MP: 5/5
   782 | D:2      | Reached XP level 3. HP: 23/23 MP: 4/6
   790 | D:2      | Learned a level 2 spell: Sticks to Snakes
   815 | D:2      | Noticed Sigmund
  1739 | D:3      | Reached XP level 4. HP: 15/28 MP: 2/7
  1937 | D:3      | Reached skill level 5 in Unarmed Combat
  2827 | D:4      | Reached XP level 5. HP: 26/33 MP: 6/8
  2842 | D:4      | Learned a level 3 spell: Spider Form
  2892 | D:4      | Found a staircase to the Ecumenical Temple.
  2901 | Temple   | Entered the Ecumenical Temple
  3069 | Temple   | Became a worshipper of Hepliaklqana the Forgotten
  3217 | D:4      | Noticed a two-headed ogre
  3559 | D:4      | Found Oma Ytek's Weapon Shoppe.
  3636 | D:5      | Entered Level 5 of the Dungeon
  3636 | D:5      | Noticed flt's ghost (amateur SpAs)
  3646 | D:5      | Killed flt's ghost
  3646 | D:5      | Reached XP level 6. HP: 25/34 MP: 6/9
  4368 | D:6      | Noticed a water moccasin
  4380 | D:6      | Killed a water moccasin
  4380 | D:6      | Reached skill level 5 in Transmutations
  4380 | D:6      | Reached XP level 7. HP: 13/38 MP: 7/10
  4382 | D:6      | Gained mutation: You are somewhat resistant to further mutation. [potion of mutation]
  4382 | D:6      | Gained mutation: You are partially covered in yellow scales. (AC +2) [potion of mutation]
  4623 | D:6      | Shot with an arrow by a centaur

Skill      XL: |  1  2  3  4  5  6  7 |
---------------+----------------------+-----
Unarmed Combat | 4 5 6 |  6.1
Transmutations | 3 5 6 |  6.0
Fighting       | |  1.0
Dodging        | |  2.0
Spellcasting   | |  2.0

Action                   |  1- 3 |  4- 6 |  7- 9 || total
-------------------------+-------+-------+-------++-------
Melee: Unarmed           |    73 |   129 |    13 ||   215
       Constrict         |    20 |    26 |     1 ||    47
       Tentacles         |    10 |    13 |       ||    23
       Punch             |     1 |     3 |       ||     4
       Kick              |     3 |     3 |       ||     6
 Cast: Beastly Appendage |     3 |     2 |       ||     5
       Sticks to Snakes  |     9 |     4 |     4 ||    17
       Spider Form       |       |     7 |     1 ||     8
  Use: Potion            |     1 |       |     3 ||     4
 Stab: Sleeping          |     7 |     4 |       ||    11
  Eat: Bread ration      |     1 |     1 |       ||     2
       Meat ration       |       |     1 |       ||     1
       Royal jelly       |       |     1 |       ||     1
Armor: Skin              |     5 |    10 |       ||    15
Dodge: Dodged            |    33 |    90 |     8 ||   131
